 Dungeon Crawl Stone Soup version 0.24.0-7-gb3623d2c88 (webtiles) character file.

Game seed: 4819410652640876856, levelgen mode: deterministic

14 wullow the Skirmisher (level 2, -1/28 HPs)
             Began as a Naga Wanderer on Nov 2, 2019.
             Slain by a leopard gecko (5 damage)
             ... on level 1 of the Dungeon.
             The game lasted 00:03:06 (676 turns).

wullow the Skirmisher (Naga Wanderer)                Turns: 676, Time: 00:03:07

Health: -1/28      AC:  1    Str: 13    XL:     2   Next: 45%
Magic:  4/4        EV:  9    Int: 11    God:
Gold:   0          SH:  0    Dex: 12    Spells: 3/4 levels left

rFire    . . .     SeeInvis +   a - +0 club
rCold    . . .     Gourm    .   (no shield)
rNeg     . . .     Faith    .   d - +0 robe
rPois    +         Spirit   .   (no helmet)
rElec    .         Reflect  .   (no cloak)
rCorr    .         Harm     .   (no gloves)
MR       .....                  (no barding)
Stlth    ++........             (no amulet)
HPRegen  0.09/turn              (no ring)
MPRegen  0.09/turn              (no ring)

@: short of breath, very slow
A: large, see invisible, deformed body, poison resistance, slowness 2, slow
metabolism 1, spit poison 1, AC +0
a: Spit Poison


You were on level 1 of the Dungeon.
You were not hungry.

You visited 1 branch of the dungeon, and saw 1 of its levels.

Inventory:

Hand Weapons
 a - a +0 club (weapon)
Missiles
 e - 27 sling bullets
Armour
 d - a +0 robe (worn)
Potions
 b - a potion of cancellation {unknown}
 c - a potion of lignification
Comestibles
 f - a ration
 g - 2 chunks of flesh


   Skills:
 - Level 3.1 Fighting
 * Level 2.8 Stealth
   Level 1.0 Shields
 + Level 1.5 Spellcasting
   Level 3.0 Translocations
   Level 1.0 Air Magic


You had 3 spell levels left.
You knew the following spells:

 Your Spells              Type           Power        Failure   Level  Hunger
a - Summon Small Mammal   Summ           #...         30%         1    ##.....

Your spell library contained the following spells:

 Spells                   Type           Power        Failure   Level  Hunger
 Blink                    Tloc           N/A          14%         2    ###....
 Shroud of Golubria       Chrm/Tloc      #.....       26%         2    ###....
 Gell's Gravitas          Tloc           #.........   26%         3    ####...
 Lesser Beckoning         Tloc           #.........   26%         3    ####...
 Teleport Other           Tloc           #.......     26%         3    ####...
 Recall                   Summ/Tloc      N/A          45%         3    ####...
 Passage of Golubria      Tloc           N/A          65%         4    #####..


Dungeon Overview and Level Annotations

Branches:
Dungeon (1/15)

Altars:


Innate Abilities, Weirdness & Mutations

You cannot wear boots.
Your serpentine skin is tough. (AC +0)
You have supernaturally acute eyesight. (SInv)
Armour fits poorly on your strangely shaped body.
Your system is resistant to poisons. (rPois)
You cover ground very slowly.
You have a slow metabolism.
You can spit poison.


Message History

You barely miss the leopard gecko.
The leopard gecko is almost dead.
The leopard gecko bites you.
You miss the leopard gecko.
The leopard gecko is almost dead.
The leopard gecko closely misses you. The leopard gecko bites you.
You closely miss the leopard gecko.
The leopard gecko is almost dead.
You have got your breath back.
The leopard gecko bites you.
* * * LOW HITPOINT WARNING * * *
Press: ? - help, Shift-Dir - straight line, f/p - leopard gecko
Aim: a leopard gecko (almost dead, clinging)
The splash of poison misses the leopard gecko.
You feel slightly more hungry. The leopard gecko bites you.
* * * LOW HITPOINT WARNING * * *
You closely miss the leopard gecko.
The leopard gecko is almost dead.
The leopard gecko barely misses you. The leopard gecko bites you.
You die...

#.# #.# #.# #+## #.#
##...## #.# ##.>...## .#
##.## ##.......##
....#####...####.........#
.............l@'.........+
.##.###.#...####.........#
#.##.## ##รท......# #.####
###...).## ... #......##
#l. #.###+## #... #.###.#
# ##.##.####..##.# .#
.##..........## ###.


You could see a leopard gecko.

Vanquished Creatures
  A dart slug (D:1)
  A leopard gecko (D:1)
  A ball python (D:1)
  A giant cockroach (D:1)
  2 goblins (D:1)
  3 hobgoblins (D:1)
  A rat (D:1)
10 creatures vanquished.

Notes
Turn   | Place    | Note
-------+----------+-------------------------------------------
     0 | D:1      | wullow the Naga Wanderer began the quest for the Orb.
     0 | D:1      | wullow set off with the following items: a +0 club, a
                  | potion of lignification, a +0 robe, a ration; and the
                  | following spell memorised: Summon Small Mammal; and the
                  | following spells available to memorise: Blink, Shroud of
                  | Golubria, Gell's Gravitas, Lesser Beckoning, Teleport
                  | Other, Recall, Passage of Golubria
     0 | D:1      | Reached XP level 1. HP: 21/21 MP: 2/2
   310 | D:1      | Reached XP level 2. HP: 28/28 MP: 3/3
   676 | D:1      | Slain by a leopard gecko

Levels and vault maps discovered:
D:1:      ebering_hopf_link, layout_loops_corners

Skill      XL: |  1 |
---------------+----+-----
Stealth        | 2 |  2.8
Fighting       | |  3.1
Shields        | |  1.0
Spellcasting   | |  1.5
Translocations | |  3.0
Air Magic      | |  1.0

Action                   || total
-------------------------++-------
Melee: Club              ||    25
 Abil: Spit Poison       ||    14
Armor: Robe              ||     1
Dodge: Dodged            ||    18
